 Seeded DCSS version 0.28.0 (webtiles) character file.

Game seed: 17954258168471696486 (custom seed)

84 Buxparty the Skirmisher (level 4, 0/35 HPs)
             Began as a Demonspawn Abyssal Knight on Feb 4, 2022.
             Was a Believer of Lugonu.
             Slain by a gnoll (12 damage)
             ... on level 2 of the Dungeon.
             The game lasted 00:04:04 (1303 turns).

Buxparty the Skirmisher (Demonspawn Abyssal Knight) Turns: 1303, Time: 00:04:04

Health: 0/35       AC:  3    Str: 22    XL:     4   Next: 24%
Magic:  6/6        EV: 12    Int: 11    God:    Lugonu [**....]
Gold:   67         SH:  4    Dex: 19    Spells: 3/3 levels left

rFire   . . .      SeeInvis .   a - +1 falchion
rCold   . . .      Faith    .   (no shield)
rNeg    . . .      Spirit   .   b - +0 leather armour
rPois   .          Reflect  .   (no helmet)
rElec   .          Harm     .   (no cloak)
rCorr   .          Rampage  .   (no gloves)
Will    .....                   (no boots)
Stlth   +.........              (no amulet)
HPRegen 0.11/turn               e - +6 ring of dexterity
MPRegen 0.10/turn               l - +6 ring of strength

@: no status effects
A: condensation shield, weakness stinger 1
a: Renounce Religion, Depart the Abyss, Bend Space


You were on level 2 of the Dungeon.
You worshipped Lugonu.
Lugonu was pleased with you.
You visited 1 branch of the dungeon, and saw 2 of its levels.
You visited the Abyss 1 time.

You collected 67 gold pieces.

Inventory:

Hand Weapons
 a - a +1 falchion (weapon)
Missiles
 k - 2 poisoned darts (quivered)
Armour
 b - a +0 leather armour (worn)
 c - a +0 cloak
 m - a +0 chain mail
Jewellery
 d - a ring of poison resistance
 e - a +6 ring of dexterity (left hand)
 l - a +6 ring of strength (right hand)
Scrolls
 i - a scroll of enchant armour {unknown}
 j - a scroll of immolation {unknown}
 o - a scroll of identify {unknown}
 q - a scroll of fog {unknown}
Potions
 f - a potion of cancellation {unknown}
 g - 3 potions of heal wounds {unknown}
 h - a potion of haste {unknown}
 n - a potion of curing {unknown}
 p - a potion of lignification {unknown}


   Skills:
 + Level 3.4 Fighting
 * Level 2.7 Long Blades
 + Level 2.3 Armour
 + Level 1.7 Dodging
 - Level 3.0 Invocations


You had 3 spell levels left.
You didn't know any spells.
Your spell library was empty.

Dungeon Overview and Level Annotations

Branches:
Dungeon (2/15)

Altars:


Innate Abilities, Weirdness & Mutations

A meltable shield of frost defends you. (SH +4)
You have a small tail.


Message History

You block the jackal's attack.
You slash the bat!
You kill the bat!
Lugonu accepts your kill. The jackal bites you.
You hit the jackal but do no damage. The jackal barely misses you.
You hit the jackal but do no damage. The jackal closely misses you.
The jackal bites you but does no damage.
You hit the jackal.
You kill the jackal!
Lugonu accepts your kill.
You hit the gnoll.
Your tail-slap misses the gnoll.
The gnoll is moderately wounded.
The gnoll barely misses you.
You hit the gnoll.
The gnoll is heavily wounded.
The gnoll hits you with a +0 flail.
You completely miss the gnoll.
The gnoll is heavily wounded.
The gnoll misses you.
You hit the gnoll but do no damage.
You tail-slap the gnoll, but do no damage.
The gnoll completely misses you.
You hit the gnoll.
The gnoll is moderately wounded.
The gnoll hits you with a +0 whip!
You barely miss the gnoll.
Your tail-slap misses the gnoll.
You punch the gnoll, but do no damage.
The gnoll is moderately wounded.
The gnoll hits you with a +0 whip.
You hit the gnoll.
The gnoll is severely wounded.
You block the gnoll's attack.
You hit the gnoll.
You kill the gnoll!
Lugonu accepts your kill.
You barely miss the gnoll.
The gnoll is moderately wounded.
The gnoll hits you with a +0 flail!
You die...

#.........# #....<....#
##.......## .# ##.....##
#.# #####..## ..# ##..#
..# ###.# #..#
##...##########...#
##......@g...#...#.###
#.......##............
#.......##.##..###..##.
#.......#.......###....#
##........####...........
#.......### #..........#
#....(..# #...........
#.......# ##...........
##.....## #........#...


You could see a gnoll.

Vanquished Creatures
  An adder (D:2)
  3 gnolls
  6 ball pythons
  An endoplasm (D:2)
  4 giant cockroaches
  3 goblins (D:1)
  3 hobgoblins
  5 jackals
  2 quokkas (D:1)
  10 bats
  5 frilled lizards (D:1)
  A rat (D:1)
44 creatures vanquished.

Notes
Turn   | Place    | Note
-------+----------+-------------------------------------------
     0 | Abyss:1  | Buxparty the Demonspawn Abyssal Knight began the quest for
                  | the Orb.
     0 | Abyss:1  | Reached XP level 1. HP: 18/18 MP: 2/2
    36 | Abyss:1  | Found a corrupted altar of Lugonu.
    77 | Abyss:1  | Noticed a small abomination
    95 | Abyss:1  | Noticed a smoke demon
   102 | Abyss:1  | Noticed a shadow
   113 | D:1      | Escaped the Abyss
   154 | D:1      | Reached * piety under Lugonu
   155 | D:1      | Reached skill level 1 in Dodging
   377 | D:1      | Gained mutation: A meltable shield of frost defends you.
                  | (SH +4) [demonic ancestry]
   377 | D:1      | Reached XP level 2. HP: 24/24 MP: 4/4
   408 | D:1      | Found a faded altar of an unknown god.
   655 | D:1      | Reached XP level 3. HP: 26/29 MP: 5/5
  1052 | D:2      | Reached ** piety under Lugonu
  1180 | D:1      | Gained mutation: You have a small tail. [demonic ancestry]
  1180 | D:1      | Reached XP level 4. HP: 28/35 MP: 6/6
  1303 | D:2      | Slain by a gnoll

Illustrated notes

Levels and vault maps discovered:
D:1:      doesnt_arrival_eight_statues, layout_rooms,
          shapermc_ecumenical_altar_acropolis
D:2:      minmay_angry_zag, layout_rooms, nrook_uturn, minmay_ruptured

Skill      XL: |  1  2 |
---------------+-------+-----
Dodging        | 1 |  1.7
Long Blades    | 2 |  2.7
Armour         | 2 |  2.3
Invocations    | 3 |  3.0
Fighting       | |  3.4

Action                   |  1- 3 |  4- 6 || total
-------------------------+-------+-------++-------
Melee: Falchion          |    92 |    18 ||   110
       Tailslap          |       |     1 ||     1
       Punch             |       |     1 ||     1
Invok: Depart the Abyss  |     1 |       ||     1
 Stab: Sleeping          |     2 |       ||     2
Armor: Leather armour    |    32 |     3 ||    35
Dodge: Dodged            |    67 |    15 ||    82
Block: Other             |    17 |     4 ||    21
